Map: Fracture LE

Players

Elazer

  • Race: Zerg Zerg
  • Spawn Location: 5:00

Zest - Winner!

  • Race: Protoss Protoss
  • League: Master
  • Spawn Location: 11:00

Event: HomeStory Cup XVIII

VOD

Have the link to the VOD?

Description

Time

  • Played on: Nov. 24, 2018, 3:02 p.m.
  • Length: 14:26

All games in this series

Show
View Real Time Build Order
Export as new Build Order

Elazer Zerg 

Build Orders: Hatch First, Swarm Host 

Get SALT Encoding   

  12  0:00  Drone  
  13  0:12  Overlord  
  13  0:16  Drone  
  14  0:30  Drone  
  15  0:43  Hatchery  
  15  0:47  Drone  
  15  0:51  Drone  
  15  0:55  Drone  
  17  0:59  Drone  
  18  1:08  Extractor  
  17  1:13  Spawning Pool  
  17  1:18  Drone  
  17  1:20  Drone  
  18  1:30  Drone  
  19  1:41  Drone  
  20  1:52  Overlord  
  20  2:00  Queen x2  
  20  2:01  Zergling x2  
  25  2:04  Zergling x2  
  25  2:07  Zergling x2  
  27  2:14  Drone  
  28  2:17  Drone  
  29  2:24  Drone  
  29  2:27  Drone  
  31  2:35  Drone  
  32  2:43  Hatchery  
  30  2:50  Overlord  
  30  2:52  Drone x2  
  30  2:58  Drone  
  33  3:03  Drone  
  34  3:10  Drone x3  
  34  3:12  Drone x4  
  41  3:13  Queen  
  41  3:15  Drone  
  44  3:28  Spore Crawler  
  44  3:29  Drone, Lair  
  44  3:39  Overlord  
  44  3:45  Extractor, Roach Warren  
  44  3:46  Drone x2  
  44  3:47  Extractor, Drone  
  44  3:48  Overlord  
  44  3:55  Queen, Drone  
  45  3:56  Drone x2  
  45  3:58  Drone  
  45  4:00  Drone  
  45  4:02  Drone  
  52  4:03  Drone  
  53  4:11  Drone x3  
  56  4:17  Overlord  
  56  4:25  Roach x5  
  56  4:26  Overseer  
  66  4:34  Overlord  
  65  4:42  Roach x4  
  65  4:45  Overlord  
  73  4:53  Glial Reconstitution  
  73  4:55  Drone  
  73  4:57  Extractor  
  73  5:04  Overlord  
  73  5:06  Roach x2  
  77  5:08  Hatchery  
  77  5:12  Roach x2  
  80  5:17  Overlord, Roach  
  80  5:21  Overlord  
  82  5:32  Infestation Pit  
  81  5:36  Drone  
  81  5:38  Drone  
  82  5:44  Drone x2  
  82  5:46  Drone x3  
  86  5:52  Drone x5  
  91  6:05  Overlord  
  91  6:06  Overlord  
  91  6:08  Overlord x2  
  91  6:22  Overlord  
  91  6:23  Overlord x2  
  91  6:24  Roach  
  91  6:25  Roach x3  
  99  6:36  Swarm Host  
  99  6:37  Swarm Host x4  
  114  6:51  Overlord  
  114  6:52  Drone x2  
  115  6:56  Swarm Host x5  
  130  7:11  Roach  
  130  7:12  Roach x3  
  138  7:16  Overlord  
  138  7:20  Overlord  
  138  7:22  Extractor, Evolution Chamber  
  136  7:23  Extractor, Drone x3  
  138  7:33  Overlord  
  137  7:41  Drone  
  137  7:42  Drone x2  
  137  7:43  Roach x6  
  147  7:56  Overlord, Drone x2  
  147  7:57  Drone x3  
  150  8:03  Swarm Host x7  
  155  8:11  Overlord  
  155  8:12  Ravager x2, Overlord  
  157  8:13  Ravager x2  
  151  8:34  Drone x3  
  151  8:35  Drone x2  
  151  8:40  Roach  
  151  8:41  Roach x6  
  170  8:42  Zerg Missile Weapons Level 1  
  170  8:47  Ravager x2  
  172  8:50  Queen  
  172  8:53  Overseer  
  176  8:55  Roach  
  176  8:56  Roach  
  178  9:14  Roach x8  
  166  9:29  Roach x8  
  161  9:42  Roach  
  161  9:43  Roach x2  
  161  9:47  Ravager x2  
  161  9:48  Roach x3  
  169  10:00  Overlord x3  
  169  10:09  Hatchery  
  164  10:26  Roach x10  
  178  10:34  Swarm Host  
  178  10:35  Swarm Host x2  
  187  10:37  Roach x4  
  193  10:43  Overseer  
  193  10:46  Overseer  
  193  10:47  Zerg Missile Weapons Level 2  
  193  10:51  Overlord  
  193  11:09  Swarm Host x2  
  173  11:15  Swarm Host x4  
  172  11:27  Swarm Host x3  
  172  11:30  Queen  
  183  11:33  Roach x8  
  191  11:49  Roach x3  
  191  11:52  Ravager x2  
  199  11:56  Hydralisk Den  
  190  12:17  Overseer  
  170  12:25  Drone x2  
  170  12:28  Drone x9  
  165  12:32  Roach x8  
  178  12:39  Overseer  
  176  12:45  Roach x5  
  176  12:48  Ravager x2  
  176  13:05  Roach x5  
  184  13:07  Overlord x2  
  184  13:09  Hatchery  
  184  13:10  Grooved Spines  
  173  13:38  Hydralisk x9  
  167  13:47  Roach x8  
  183  13:54  Roach  
  183  13:55  Roach  
  176  13:59  Roach x2  
  177  14:03  Roach  
Show
View Real Time Build Order
Export as new Build Order

Zest Protoss - Winner!

Build Orders: 1 Gate Expand, Archon Immortal, Archon Drop, Dark Templar Rush 

Get SALT Encoding   

  12  0:00  Probe  
  13  0:12  Probe  
  14  0:17  Pylon  
  14  0:24  Probe  
  15  0:32  Probe  
  15  0:37  Gateway  
  15  0:40  Probe  
  16  0:46  Assimilator  
  17  0:51  Probe  
  18  1:03  Probe  
  19  1:15  Probe  
  20  1:23  Nexus  
  20  1:32  Cybernetics Core  
  20  1:35  Probe  
  21  1:42  Assimilator  
  21  1:47  Probe  
  21  1:50  Pylon  
  22  1:59  Adept, Probe  
  23  2:11  Probe  
  26  2:19  Warp Gate  
  26  2:23  Probe  
  26  2:25  Stalker  
  29  2:32  Probe  
  29  2:34  Twilight Council  
  29  2:35  Probe  
  31  2:40  Probe  
  31  2:44  Probe  
  31  2:50  Probe  
  33  2:53  Probe  
  33  2:56  Robotics Facility  
  35  3:02  Probe  
  35  3:05  Probe  
  37  3:14  Probe  
  37  3:16  Dark Shrine  
  37  3:18  Probe  
  39  3:32  Warp Prism  
  39  3:34  Gateway  
  39  3:36  Gateway x2, Probe x2  
  43  3:48  Pylon  
  43  3:51  Probe  
  43  3:52  Probe  
  43  3:54  Assimilator  
  45  3:56  Assimilator  
  45  4:00  Warp Prism  
  45  4:04  Probe  
  45  4:05  Pylon  
  45  4:06  Probe  
  49  4:24  Probe x2  
  50  4:29  Dark Templar x2  
  50  4:30  Dark Templar  
  57  4:33  Dark Templar  
  59  4:40  Observer  
  59  4:44  Pylon  
  59  4:45  Pylon  
  60  5:00  Archon x2  
  60  5:04  Pylon  
  60  5:07  Probe  
  60  5:08  Probe  
  60  5:09  Pylon  
  62  5:24  Probe x2  
  62  5:28  Dark Templar x4  
  66  5:30  Pylon, Nexus  
  66  5:32  Archon x2, Immortal  
  72  5:45  Observer  
  72  5:46  Charge  
  76  6:00  Immortal  
  76  6:09  Zealot x3, Sentry  
  84  6:12  Gateway  
  84  6:13  Gateway  
  88  6:26  Gateway  
  88  6:27  Gateway  
  88  6:28  Immortal  
  88  6:36  Zealot, Sentry x2  
  98  6:58  Sentry x2  
  98  7:00  Immortal  
  96  7:16  Probe  
  96  7:17  Probe x2  
  96  7:18  Observer  
  99  7:26  Forge, Probe x2  
  99  7:28  Forge  
  101  7:32  Probe  
  101  7:34  Probe x2  
  102  7:43  Probe x2  
  104  7:44  Probe  
  104  7:46  Protoss Ground Weapons Level 1  
  104  7:49  Dark Templar x3, Zealot x2  
  110  8:00  Protoss Shields Level 1  
  110  8:05  Archon  
  108  8:11  Probe x2  
  111  8:12  Probe  
  111  8:14  Pylon  
  111  8:15  Assimilator  
  111  8:19  Assimilator  
  111  8:24  Immortal  
  111  8:34  Observer  
  113  8:37  Zealot x7  
  113  8:40  Pylon  
  113  8:41  Pylon  
  125  8:42  Pylon x2  
  125  8:57  Probe x3  
  122  9:02  Dark Templar  
  122  9:03  Dark Templar  
  122  9:04  Dark Templar x3, Zealot  
  122  9:05  Zealot x2  
  122  9:08  Archon  
  122  9:09  Archon  
  124  9:21  Immortal  
  112  9:32  Protoss Ground Weapons Level 2  
  102  9:45  Dark Templar x4  
  104  9:46  Zealot x4  
  104  9:49  Pylon  
  116  9:54  Archon x2  
  116  9:57  Protoss Shields Level 2, Probe x3  
  119  10:00  Immortal  
  119  10:01  Pylon  
  123  10:18  Nexus  
  123  10:25  Dark Templar x2, Zealot x4  
  135  10:31  Immortal  
  127  10:41  Archon  
  131  10:46  Dark Templar  
  131  10:48  Dark Templar  
  135  10:51  Dark Templar, Zealot x2  
  135  10:52  Zealot  
  143  10:57  Archon  
  137  11:15  Warp Prism  
  137  11:18  Dark Templar x2, Zealot x3  
  133  11:25  Archon  
  125  11:34  Dark Templar x2  
  125  11:35  Zealot  
  131  11:40  Archon  
  131  11:42  Immortal  
  131  11:47  Dark Templar x2  
  131  11:52  Zealot x3  
  131  11:54  Probe x2  
  146  11:55  Probe  
  146  11:56  Pylon  
  148  12:04  Pylon  
  148  12:05  Sentry  
  142  12:18  Zealot x2, Immortal  
  128  12:37  Dark Templar x4, Zealot x2  
  134  12:47  Dark Templar x2, Archon x2  
  134  12:48  Probe  
  134  12:49  Probe x2  
  134  12:50  Assimilator  
  134  12:51  Immortal  
  141  12:52  Assimilator  
  143  13:05  Sentry x2  
  139  13:09  Probe x2  
  141  13:13  Archon  
  141  13:14  Dark Templar  
  141  13:15  Pylon, Dark Templar, Zealot x2  
  149  13:21  Zealot x2, Archon  
  151  13:28  Dark Templar  
  151  13:31  Immortal  
  147  13:41  Zealot x5  
  149  13:59  Zealot  
  149  14:00  Zealot  
  153  14:04  Zealot  
  153  14:05  Zealot x5  
  133  14:23  Nexus  
  123  14:24  Zealot  
  123  14:25  Zealot x3  
  123  14:26  Zealot x4  
Tags
 
Add a new tag
Caveats
  • Supply blocks, unpowered buildings, or Contaminate may cause inaccurate times.
  • Supply counts are checked every 10 seconds.